 Dungeon Crawl Stone Soup version 0.29.1-2-gbd0b4ee654 (webtiles) character file.

Game seed: 4855249398305848606

63 Romesagentofchaos the Trooper (level 4, -2/33 (40) HPs)
             Began as a Hill Orc Fighter on Oct 22, 2022.
             Slain by a worm (4 damage)
             ... on level 3 of the Dungeon on Nov 20, 2022.
             The game lasted 00:07:40 (1972 turns).

Romesagentofchaos the Trooper (Hill Orc Fighter)    Turns: 1972, Time: 00:07:40

HP:   -2/33 (40)    AC:  8    Str: 17 (20) XL:     4   Next: 9%
MP:   4/4           EV: 10    Int:  5 (8)  God:
Gold: 127           SH:  4    Dex:  9 (10) Spells: 3/3 levels left

rFire   . . .      SeeInvis .   a - +1 war axe
rCold   . . .      Faith    .   c - +0 buckler
rNeg    . . .      Spirit   .   g - +3 ring mail {Will+}
rPois   .          Reflect  .   (no helmet)
rElec   .          Harm     .   (no cloak)
rCorr   .          Rampage  .   (no gloves)
Will    +....                   (no boots)
Stlth   ..........              (no amulet)
HPRegen 0.11/turn               (no ring)
MPRegen 0.09/turn               (no ring)

@: heavily drained
A: high MP 1
a: no special abilities


You were on level 3 of the Dungeon.
You visited 1 branch of the dungeon, and saw 3 of its levels.

You collected 127 gold pieces.

Inventory:

Hand Weapons
 a - a +1 war axe (weapon)
 k - a +0 great sword
Missiles
 f - 6 boomerangs (quivered)
Armour
 b - a +0 scale mail
 c - a +0 buckler (worn)
 g - a +3 ring mail of willpower (worn)
Scrolls
 e - a scroll of identify
Potions
 d - 3 potions of might


   Skills:
 + Level 4.2 Fighting
 + Level 3.8 Axes
 + Level 4.0 Armour
 + Level 0.1 Dodging
 + Level 3.6 Shields


You had 3 spell levels left.
You didn't know any spells.
Your spell library contained the following spells:

 Spells                   Type           Power      Damage    Failure   Level
 Sandblast                Erth           0%         2d4       77%         1
 Summon Small Mammal      Summ           0%         N/A       77%         1
 Passwall                 Tmut/Erth      0%         N/A       88%         2
 Poisonous Vapours        Pois/Air       0%         N/A       88%         2
 Call Canine Familiar     Summ           0%         N/A       98%         3
 Gell's Gravitas          Tloc           0%         N/A       98%         3
 Lesser Beckoning         Tloc           0%         N/A       98%         3
 Stone Arrow              Conj/Erth      0%         3d7       98%         3
 Summon Guardian Golem    Hex/Summ       0%         N/A       98%         3
 Teleport Other           Tloc           0%         N/A       98%         3
 Animate Dead             Necr           0%         N/A       100%        4
 Corpse Rot               Necr/Pois/Air  0%         N/A       100%        4
 Haunt                    Necr/Summ      0%         N/A       100%        7
 Infestation              Necr           0%         N/A       100%        8


Dungeon Overview and Level Annotations

Branches:
Dungeon (3/15)

Altars:
Dithmenos
Trog


Innate Abilities, Weirdness & Mutations

You have an increased reservoir of magic. (+10% MP)


Message History

You hit the rat but do no damage. You hit the rat.
You kill the rat!
The rat bites you. The rat closely misses you.
The moth of wrath goads the worm on!
The worm goes berserk!
The rat bites you but does no damage.
You closely miss the rat. You hit the rat. The rat closely misses you.
The rat bites you. You block the rat's attack.
You hit the rat but do no damage. You slash the rat!
You kill the rat!
You slash the worm! The rat bites you but does no damage. The worm misses you.
The rat barely misses you.
You slash the rat!
You kill the rat!
You hit the worm. The worm barely misses you. x2
You see here a rat corpse.
You barely miss the worm.
The worm is moderately wounded.
The worm closely misses you. The worm bites you but does no damage.
You barely miss the worm.
The worm is lightly wounded.
The worm barely misses you.
You barely miss the worm.
The worm is lightly wounded.
The worm bites you.
You hit the worm.
The worm is moderately wounded.
You block the worm's attack.
You hit the worm.
The worm is moderately wounded.
The worm bites you!
You slash the worm!
The worm is heavily wounded.
The worm bites you but does no damage. The worm completely misses you.
You hit the worm.
The worm is heavily wounded.
The worm bites you!
* * * LOW HITPOINT WARNING * * *
The moth of wrath goads the rat on!
The rat goes berserk!
The worm bites you.
You die...

......#.#,,##.).....##
......#.#,*#.).._...)#
#########
......#.#,##.........##
#.......#
......#.#,#....###....#
#.#####.#
......#.#.#...##y##...# #.#
#.# ......#.#.#....###....#
#.# #.#
..........#......r....# #.#
#.#
......#.#.##...w††...####.#
#.#
#######.#,,##...@...##....#
#.#
#######.########.#####.####
#.#
..............##.##...)>#
#.#
###.#....#######..####..#
#.# .##.#........# #)..#
#..# #.#
.##.#.#..###.###...###..#
#.# .##.#.#..#
#.#.....'†...# #.#
.##......###.#.#...####.#
#.#
.##..###.....#.######...#
#.#


You could see a moth of wrath, a worm (berserk) and a rat (berserk).

Vanquished Creatures
  An adder (D:3)
  5 ball pythons
  7 bats
  4 endoplasms
  A giant cockroach (D:1)
  6 goblins
  5 hobgoblins
  3 kobolds
  5 quokkas
  A frilled lizard (D:1)
  9 rats
47 creatures vanquished.

Notes
Turn   | Place    | Note
-------+----------+-------------------------------------------
     0 | D:1      | Romesagentofchaos the Hill Orc Fighter began the quest for
                  | the Orb.
     0 | D:1      | Reached XP level 1. HP: 19/19 MP: 1/1
   219 | D:1      | Reached XP level 2. HP: 26/27 MP: 2/2
   357 | D:1      | Upgraded the game from 0.29.1-1-gd02db6906a to
                  | 0.29.1-2-gbd0b4ee654
   463 | D:1      | Gained mutation: You have an increased reservoir of magic.
                  | (+10% MP) [potion of mutation]
   690 | D:2      | Reached XP level 3. HP: 27/33 MP: 3/3
  1176 | D:2      | Found a faded altar of an unknown god.
  1246 | D:3      | Found a shadowy altar of Dithmenos.
  1860 | D:3      | Reached XP level 4. HP: 40/40 MP: 4/4
  1951 | D:3      | Noticed a moth of wrath
  1954 | D:3      | Found a bloodstained altar of Trog.
  1971 | D:3      | HP: 1/33 [worm (12)]
  1972 | D:3      | Slain by a worm

Illustrated notes

Levels and vault maps discovered:
D:1:      amcnicky_arrival_underground_garden, layout_rooms, st_stairs_12,
          minivault_23
D:2:      layout_rooms, chequers_ecumenical_altar_simple_redux
D:3:      layout_basic, tgw_trog, nicolae_dithmenos_through_a_glass_darkly,
          serial_curves, eino_curves_03, eino_curves_02, minmay_bisected

Skill      XL: |  1  2  3 |
---------------+----------+-----
Axes           | 3 |  3.8
Fighting       | 4 |  4.2
Armour         | 4 |  4.0
Dodging        | |  0.1
Shields        | |  3.6

Action                   |  1- 3 |  4- 6 || total
-------------------------+-------+-------++-------
Melee: War axe           |   123 |    19 ||   142
  Use: Scroll            |     7 |       ||     7
       Potion            |     6 |       ||     6
Armor: Scale mail        |    17 |       ||    17
       Ring mail         |    32 |     9 ||    41
Dodge: Dodged            |    75 |    10 ||    85
Block: Buckler           |    28 |     3 ||    31
